 Dungeon Crawl Stone Soup version 0.30-a0-439-g9e77e4d916 (webtiles) character file.

Game seed: 17581184058025319481

133573 Lobster4 the Convoker (level 17, -7/121 HPs)
             Began as a Human Summoner on Dec 10, 2022.
             Was the Champion of Hepliaklqana.
             Killed from afar by a salamander tyrant (55 damage)
             ... with a flame surge
             ... on level 4 of the Snake Pit.
             The game lasted 02:24:13 (34608 turns).

Lobster4 the Convoker (Human Summoner)             Turns: 34608, Time: 02:24:14

Health: -7/121     AC: 17    Str: 10    XL:     17   Next: 72%
Magic:  20/41      EV: 14    Int: 28    God:    Hepliaklqana [******]
Gold:   2503       SH: 14    Dex: 23    Spells: 2/39 levels left

rFire   . . .      SeeInvis .    a - +10 spear of Toqyxz Lolo {flame, rPois Dex+4}
rCold   . . .      Faith    .    P - +2 buckler
rNeg    . . .      Spirit   .    y - +1 ring mail of Salvation {rElec Int+4 Dex+4}
rPois   +          Reflect  +    f - +1 helmet {Int+3}
rElec   +          Harm     .    g - +1 cloak {rCorr}
rCorr   +          Rampage  .    L - +1 pair of gloves
Will    +....                    N - +1 pair of boots {Stlth+}
Stlth   +++.......               T - amulet of reflection
HPRegen 0.40/turn                C - ring of magical power
MPRegen 0.27/turn                c - ring of wizardry

@: lethally poisoned (-7 -> -22)
A: reduced essence
a: Renounce Religion, Recall Ancestor, Ancestor Identity, Transference, Idealise


You were on level 4 of the Snake Pit.
You worshipped Hepliaklqana.
Hepliaklqana was exalted by your worship.
You visited 5 branches of the dungeon, and saw 27 of its levels.
You also visited: Ice Cave and Volcano.

You collected 3212 gold pieces.
You spent 709 gold pieces at shops.

Inventory:

Hand Weapons
 a - the +10 spear of Toqyxz Lolo (weapon) {flame, rPois Dex+4}
   (You found it on level 2 of the Dungeon)

   It burns those it strikes, dealing additional fire damage.
   Dex:       It affects your dexterity (+4).
   rPois:     It protects you from poison.
 b - a +2 vorpal sling
Missiles
 H - 8 curare-tipped darts (quivered)
 R - 3 silver javelins
Armour
 f - a +1 helmet of intelligence (worn)
 g - a +1 cloak of preservation (worn)
 k - a +1 robe of fire resistance
 t - a +0 leather armour of willpower
 y - the +1 ring mail of Salvation (worn) {rElec Int+4 Dex+4}
   (You found it on level 4 of the Lair of Beasts)

   Int:       It affects your intelligence (+4).
   Dex:       It affects your dexterity (+4).
   rElec:     It insulates you from electricity.
 G - +0 steam dragon scales
 L - a +1 pair of gloves (worn)
 M - a +2 leather armour of cold resistance
 N - a +1 pair of boots of stealth (worn)
 P - a +2 buckler (worn)
Jewellery
 c - a ring of wizardry (right hand)
 j - a ring of magical power
 u - a ring of poison resistance
 C - a ring of magical power (left hand)
 D - a ring of fire
 T - an amulet of reflection (around neck)
Wands
 d - a wand of iceblast (19)
 r - a wand of flame (23)
 z - a wand of digging (6)
 B - a wand of acid (11)
 E - a wand of paralysis (36)
 V - a wand of mindburst (5)
Scrolls
 n - 2 scrolls of fog
 o - 13 scrolls of identify
 q - 10 scrolls of teleportation
 s - a scroll of immolation
 x - 2 scrolls of summoning
 A - 3 scrolls of brand weapon
 F - a scroll of fear
 I - 2 scrolls of amnesia
 O - 3 scrolls of poison
Potions
 e - a potion of ambrosia
 h - 14 potions of curing
 i - 2 potions of berserk rage
 m - 3 potions of brilliance
 p - 2 potions of magic
 w - 2 potions of lignification
 J - 3 potions of haste
 K - 3 potions of flight
 Q - a potion of invisibility
 S - 2 potions of might
 U - a potion of heal wounds
Miscellaneous
 l - a phantom mirror
 v - a condenser vane


   Skills:
 + Level 12.7 Fighting
 - Level 1.0 Short Blades
 + Level 9.8 Polearms
 - Level 1.0 Throwing
 + Level 9.7 Armour
 - Level 7.0 Dodging
 - Level 2.0 Stealth
 - Level 7.0 Shields
 + Level 11.9 Spellcasting
 - Level 3.0 Hexes
 * Level 18.2 Summonings
 - Level 3.0 Translocations
 - Level 3.0 Fire Magic
 - Level 4.0 Air Magic
 - Level 3.0 Earth Magic
 - Level 7.0 Invocations
 - Level 3.0 Evocations


You had 2 spell levels left.
You knew the following spells:

 Your Spells              Type           Power      Damage    Failure   Level
a - Summon Small Mammal   Summ           100%       N/A       0%          1
b - Call Imp              Summ           87%        N/A       0%          2
c - Call Canine Familiar  Summ           87%        N/A       0%          3
d - Summon Cactus Giant   Summ           43%        N/A       1%          6
e - Animate Armour        Summ/Erth      100%       N/A       1%          4
f - Summon Guardian Gole  Hex/Summ       66%        N/A       1%          3
g - Summon Hydra          Summ           43%        N/A       1%          7
h - Scorch                Fire           66%        2d8       1%          2
i - Summon Forest         Summ/Tloc      33%        N/A       1%          5
s - Summon Lightning Spi  Summ/Air       68%        N/A       1%          4

Your spell library contained the following spells:

 Spells                   Type           Power      Damage    Failure   Level
 Beastly Appendage        Tmut           32%        N/A       3%          1
 Ensorcelled Hibernation  Hex/Ice        50%        N/A       3%          2
 Searing Ray              Conj           32%        2d5       6%          2
 Sublimation of Blood     Necr           16%        N/A       6%          2
 Wereblood                Tmut           16%        N/A       6%          2
 Gell's Gravitas          Tloc           33%        N/A       3%          3
 Lesser Beckoning         Tloc           66%        N/A       3%          3
 Portal Projectile        Hex/Tloc       66%        N/A       3%          3
 Teleport Other           Tloc           33%        N/A       3%          3
 Stone Arrow              Conj/Erth      50%        3d10      6%          3
 Ozocubu's Armour         Ice            16%        N/A       11%         3
 Spider Form              Tmut/Pois      16%        N/A       11%         3
 Leda's Liquefaction      Hex/Erth       16%        N/A       11%         4
 Anguish                  Hex/Necr       12%        N/A       19%         4
 Flame Wave               Conj/Fire      25%        2d8       19%         4
 Fulminant Prism          Conj/Hex       12%        3d9       19%         4
 Silence                  Hex/Air        18%        N/A       24%         5
 Animate Dead             Necr           16%        N/A       32%         4
 Borgnjor's Vile Clutch   Necr/Erth      12%        N/A       45%         5
 Metabolic Englaciation   Hex/Ice        12%        N/A       45%         5
 Blade Hands              Tmut           8%         N/A       65%         5
 Irradiate                Conj/Tmut      8%         3d14      65%         5
 Starburst                Conj/Fire      12%        6d5       95%         6
 Death Channel            Necr           8%         N/A       99%         6
 Simulacrum               Ice/Necr       8%         N/A       99%         6
 Dragon Form              Tmut           8%         N/A       100%        7
 Lehudib's Crystal Spear  Conj/Erth      12%        10d4      100%        8


Dungeon Overview and Level Annotations

Branches:
Dungeon (15/15)            Temple (1/1) D:4            Lair (5/5) D:9
 Shoals (0/4) Lair:2        Snake (4/4) Lair:2        Slime (0/5) Lair:5
    Orc (2/2) D:11            Elf (0/3) Orc:2        Vaults (0/5) D:13
  IceCv (visited)         Volcano (visited)
 Depths: D:15

Altars:
Ashenzari
Cheibriados
Dithmenos
Elyvilon
Fedhas
Gozag
Hepliaklqana
Kikubaaqudgha
Makhleb
Nemelex Xobeh
Okawaru
Qazlal
Ru
Sif Muna
Trog
Uskayaw
Vehumet
Wu Jian
Xom
Yredelemnul
Zin
The Shining One
Jiyva

Shops:
D:3 *   Orc:2 =(:?

Annotations:
D:15 Louise


Message History

Your seven-headed hydra is engulfed in blazing flames.
Your seven-headed hydra bites the salamander but does no damage.
Your seven-headed hydra bites the salamander. x2
Your seven-headed hydra barely misses the salamander. x2
Your seven-headed hydra bites the salamander!
The salamander dies!
The salamander hits your animated ring mail with a +0 halberd.
Your animated ring mail is engulfed in flames!
The naga mage mumbles some strange words.
The naga mage seems to speed up.
A naga mage comes into view. It is wielding a +0 flail.
The salamander wields a +0 shortbow of flaming.
It bursts into flame!
The salamander shoots an arrow.
The arrow hits your eight-headed hydra!
The arrow burns your eight-headed hydra.
A salamander tyrant comes into view.
Your seven-headed hydra is engulfed in blazing flames.
The salamander barely misses Londisizwe.
Londisizwe hits the salamander with a +0 broad axe of flaming.
Your warg bites the salamander.
Your animated ring mail is engulfed in blazing flames.
Your animated ring mail hits the salamander!
Your animated ring mail barely misses the salamander.
The salamander tyrant rends the earth beneath you!
The blast of magma engulfs you!!
The naga mage gestures at you while chanting.
The bolt of poison hits you.
You are poisoned.
You resist.
Londisizwe blocks the salamander's attack.
Your warg bites the salamander.
The naga mage spits poison at you. The splash of poison hits you. You resist.
Londisizwe hits the salamander with a +0 broad axe of flaming!
Your animated ring mail is engulfed in blazing flames.
Your animated ring mail hits the salamander!
Your animated ring mail hits the salamander but does no damage.
The salamander tyrant calls gouts of flame from the lava!
The flame surge hits you!!!
You die...

..##..........##.##....
..#....................
............#....#.....
.........NN## .........
........#<#D###..).....
......##...."..........
............≈.≈........
..........#.≈.≈......#.
.....[....#..@≈§§###(..
...#.....###..$§R#♣ .#
..?#..#........D[N..# .
$#.............Nh#♣N.#
.....<..........## ..#
..#...............# .♣
...................
.................##
############....##


You could see the friendly Londisizwe the knight, a salamander tyrant, a
salamander mystic, a salamander (distracted, ally target), 2 naga magi, a
friendly eight-headed hydra (summoned), a friendly seven-headed hydra
(summoned), a friendly animated ring mail (summoned) and a friendly warg
(summoned).

Vanquished Creatures
  A hydra (Lair:5)
  5 death yaks
  2 two-headed ogres (D:13)
  2 shock serpents
  An orc high priest (Orc:2)
  Sonja (D:10)
  An iron troll (D:13)
  An orc knight (Orc:2)
  A manticore (D:14)
  2 mana vipers
  A salamander (Snake:3)
  A slime creature (D:13)
  A cyclops (Orc:1)
  Maurice (D:9)
  Joseph (D:10)
  3 black mambas
  A gargoyle (D:13)
  A guardian serpent (shapeshifter) (D:13)
  4 cane toads
  An unseen horror (D:10)
  A komodo dragon (Lair:5)
  3 rime drakes
  A freezing wraith (D:15)
  A troll (Orc:2)
  A merfolk (Lair:2)
  A polar bear (Lair:5)
  A hornet (D:9)
  6 blink frogs
  3 spriggans (Lair:5)
  3 wyverns
  2 shadows (D:11)
  11 yaks
  3 fire bats (Volcano)
  4 basilisks
  3 nagas
  2 acid dragons
  4 water moccasins
  An ice beast (D:6)
  16 orc warriors
  3 black bears
  4 ogres
  A boggart (Lair:5)
  2 centaurs
  4 wolves (Lair:5)
  2 kobold brigands
  Blork the orc (D:6)
  A bullfrog (Lair:4)
  3 scorpions
  5 wights
  3 killer bees (D:7)
  4 howler monkeys
  A lava snake (Volcano)
  2 hounds
  11 orc priests
  A gnoll bouda (D:9)
  4 iguanas
  Natasha (thrice) (D:4)
  8 orc wizards
  5 gnolls
  4 adders
  2 white imps
  A worm (D:3)
  A dart slug (D:2)
  38 orcs
  A ball python (D:3)
  2 bats (D:1)
  3 endoplasms
  3 giant cockroaches
  3 hobgoblins
  2 jackals (D:3)
  7 frilled lizards
  2 goblins (D:4)
  10 kobolds
  2 rats
248 creatures vanquished.

Vanquished Creatures (collateral kills)
  Mara (Snake:3)
  Vashnia (Snake:3)
  Nikola (Snake:3)
  Jorgrun (Snake:1)
  Donald (Snake:2)
  Aizul (Snake:3)
  2 very ugly things (IceCv)
  An orc warlord (Orc:2)
  A stone giant (Volcano)
  Snorg (Lair:5)
  2 fire dragons
  A hydra (Lair:4)
  A caustic shrike simulacrum (IceCv)
  3 boulder beetles
  2 centaur warriors (D:13)
  5 death yaks
  A two-headed ogre (D:13)
  8 naga warriors
  6 anacondas
  4 nameless horrors
  5 shock serpents
  7 naga sharpshooters
  A salamander mystic (Snake:3)
  An orange crystal statue (IceCv)
  5 naga ritualists
  2 sea snakes (Snake:3)
  5 orc knights
  A deep elf pyromancer (D:12)
  4 orc sorcerers
  5 mana vipers
  10 salamanders
  3 manticores
  5 slime creatures
  An ugly thing (D:12)
  4 cyclopes
  A guardian serpent (Snake:2)
  12 naga magi
  25 black mambas
  8 cane toads
  A molten gargoyle (D:14)
  3 gargoyles
  An unseen horror (shapeshifter) (D:11)
  An efreet (Volcano)
  Psyche (D:12)
  4 rime drakes
  5 komodo dragons
  5 freezing wraiths
  7 trolls
  A golden dragon simulacrum (IceCv)
  A polar bear (Lair:5)
  4 hornets (Lair:5)
  A dream sheep (Lair:5)
  A blink frog (shapeshifter) (D:13)
  9 blink frogs
  A shadow (D:9)
  9 spriggans (Lair:5)
  3 fire elementals
  2 basilisks
  A wraith (D:13)
  21 yaks
  3 wyverns
  3 hogs (Snake:1)
  A steam dragon (D:8)
  3 dire elephant simulacra (IceCv)
  7 fire bats
  3 vampire mosquitoes (D:12)
  A harpy simulacrum (IceCv)
  19 nagas
  An acid dragon (D:12)
  8 wargs
  2 water moccasins
  4 black bears
  A hydra simulacrum (IceCv)
  38 orc warriors
  5 ogres
  7 wolves (Lair:5)
  2 centaurs
  3 boggarts (Lair:5)
  A kobold brigand (D:10)
  5 bullfrogs
  A scorpion (D:6)
  A necrophage (D:5)
  An earth elemental (Volcano)
  5 wights
  A lindwurm simulacrum (IceCv)
  2 howler monkeys
  3 electric eels
  6 lava snakes (Volcano)
  2 jellies
  A hound (D:5)
  11 orc priests
  3 iguanas (D:12)
  13 orc wizards
  4 gnolls
  2 adders
  An ufetubus (D:3)
  59 orcs
  9 ball pythons
  A bat (D:1)
  4 endoplasms
  A giant cockroach (D:4)
  5 goblins
  A jackal (D:3)
  3 quokkas
  2 frilled lizards
  11 kobolds
  2 rats (D:3)
  A bush (Lair:4)
504 creatures vanquished.

Vanquished Creatures (others)
  Kirke (Snake:1)
  A death yak (Lair:2)
  Urug (Lair:1)
  2 naga sharpshooters (Snake:3)
  A naga ritualist (Snake:2)
  An orc knight (Orc:2)
  An ugly thing (D:12)
  A torpor snail (Lair:1)
  A cane toad (Lair:2)
  3 yaks
  A hog (Snake:1)
  4 nagas
  6 orc warriors
  3 wolves (Lair:5)
  A gnoll sergeant (D:11)
  A wight (D:9)
  2 killer bees (D:7)
  An orc priest (D:11)
  4 ancestors
  8 knights
  3 gnolls
  4 orcs
  2 fire vortices
  35 fungi
  48 plants
  2 snaplasher vines
138 creatures vanquished.

Grand Total: 890 creatures vanquished

Notes
Turn   | Place    | Note
-------+----------+-------------------------------------------
     0 | D:1      | Lobster4 the Human Summoner began the quest for the Orb.
     0 | D:1      | Reached XP level 1. HP: 13/13 MP: 3/3
   288 | D:1      | Reached XP level 2. HP: 6/19 MP: 1/5
   400 | D:1      | Learned a level 2 spell: Call Imp
   973 | D:1      | Reached XP level 3. HP: 25/25 MP: 1/6
  1798 | D:2      | Reached skill level 1 in Fighting
  1993 | D:2      | Reached skill level 1 in Armour
  2080 | D:2      | Identified the +10 spear of Toqyxz Lolo {flame, rPois
                  | Dex+4}
  2092 | D:2      | Reached XP level 4. HP: 32/32 MP: 7/7
  2383 | D:3      | Found Zin's Purification Station.
  2383 | D:3      | Found a glowing silver altar of Zin.
  2462 | D:3      | Found a faded altar of an unknown god.
  2664 | D:3      | Found a blossoming altar of Fedhas.
  2983 | D:3      | Reached XP level 5. HP: 36/37 MP: 4/8
  3345 | D:4      | Reached skill level 1 in Short Blades
  3345 | D:4      | Reached skill level 1 in Polearms
  3351 | D:4      | Reached skill level 5 in Summonings
  3351 | D:4      | Reached XP level 6. HP: 43/43 MP: 5/10
  3355 | D:4      | Noticed Natasha
  3358 | D:4      | Killed Natasha
  3359 | D:4      | Reached skill level 1 in Throwing
  3518 | D:4      | Noticed Natasha
  3523 | D:4      | Killed Natasha
  3561 | D:4      | Noticed Natasha
  3567 | D:4      | Killed Natasha
  3796 | D:4      | Noticed a black bear
  3807 | D:4      | Killed a black bear
  3808 | D:4      | Reached XP level 7. HP: 43/50 MP: 6/11
  4005 | D:4      | Found a staircase to the Ecumenical Temple.
  4232 | D:5      | Entered Level 5 of the Dungeon
  4813 | D:5      | Learned a level 3 spell: Call Canine Familiar
  5292 | D:5      | Reached XP level 8. HP: 57/57 MP: 8/13
  5310 | D:5      | Learned a level 3 spell: Summon Guardian Golem
  5349 | D:5      | Reached skill level 6 in Summonings
  5411 | D:5      | Reached skill level 1 in Hexes
  5955 | D:6      | Noticed Blork the orc
  6087 | D:6      | Reached skill level 1 in Evocations
  6233 | D:6      | Reached XP level 9. HP: 65/65 MP: 6/15
  6410 | Temple   | Entered the Ecumenical Temple
  6549 | Temple   | Became a worshipper of Hepliaklqana the Forgotten
  6626 | D:6      | Killed Blork the orc
  7149 | D:6      | Found a stormy altar of Qazlal.
  7502 | D:7      | Found a shimmering blue altar of Sif Muna.
  7557 | D:7      | Reached skill level 7 in Summonings
  7565 | D:7      | Reached skill level 5 in Fighting
  7565 | D:7      | Reached skill level 5 in Armour
  7565 | D:7      | Reached skill level 5 in Spellcasting
  7565 | D:7      | Reached XP level 10. HP: 70/74 MP: 9/17
  7786 | D:7      | Reached skill level 5 in Polearms
  8018 | D:7      | Found an iron altar of Okawaru.
  8867 | D:8      | Found a shadowy altar of Dithmenos.
  9137 | D:8      | Reached * piety under Hepliaklqana
  9265 | D:8      | Learned a level 4 spell: Summon Lightning Spire
  9735 | D:9      | Reached skill level 8 in Summonings
  9817 | D:9      | Reached skill level 1 in Shields
  9972 | D:9      | Reached skill level 1 in Air Magic
 10014 | D:9      | Found the +18 Lear's hauberk
 10019 | D:9      | Found a staircase to the Lair.
 10100 | D:9      | Noticed Maurice
 10115 | D:9      | Killed Maurice
 10315 | D:9      | Reached XP level 11. HP: 73/73 MP: 20/20
 10509 | D:9      | Identified the +6 sling of Zoabbu {drain, Fly rElec rCorr
                  | Dex-5}
 10636 | D:9      | Found a sacrificial altar of Ru.
 10966 | D:10     | Entered Level 10 of the Dungeon
 11018 | D:10     | Noticed Sonja
 11022 | D:10     | Killed Sonja
 11150 | D:10     | Found an opulent altar of Gozag.
 11185 | D:10     | Reached ** piety under Hepliaklqana
 11186 | D:10     | Remembered your ancestor Londisizwe as a knight
 11195 | D:10     | Found a shimmering altar of Xom.
 11335 | D:10     | Noticed Joseph
 11348 | D:10     | Killed Joseph
 11917 | D:10     | Noticed a +0 dagger
 11918 | D:10     | Noticed a +0 dagger
 11919 | D:10     | Found a hide-covered altar of Uskayaw.
 11968 | D:10     | Found a burning altar of Makhleb.
 12310 | D:11     | Reached *** piety under Hepliaklqana
 12354 | D:11     | Reached skill level 9 in Summonings
 12654 | D:11     | Found a staircase to the Orcish Mines.
 12949 | D:12     | Noticed a brown ugly thing
 12970 | D:12     | Killed a brown ugly thing
 13159 | D:12     | Noticed a boulder beetle
 13223 | D:12     | Killed a boulder beetle
 13378 | D:12     | Reached XP level 12. HP: 82/82 MP: 23/23
 13757 | Lair:1   | Entered Level 1 of the Lair of Beasts
 13806 | Lair:1   | Noticed Urug
 13837 | Lair:1   | Killed Urug
 13838 | Lair:1   | Reached skill level 5 in Shields
 13838 | Lair:1   | Reached skill level 1 in Invocations
 14048 | Lair:1   | Noticed a death yak
 14085 | Lair:1   | Killed a death yak
 14859 | Lair:2   | Noticed a death yak
 14859 | Lair:2   | Noticed a death yak
 14860 | Lair:2   | Noticed a death yak
 14861 | Lair:2   | Noticed a death yak
 14863 | Lair:2   | Noticed a death yak
 14869 | Lair:2   | Killed a death yak
 14907 | Lair:1   | Reached skill level 10 in Summonings
 15079 | Lair:2   | Found a staircase to the Snake Pit.
 15468 | Lair:2   | Killed a death yak
 15468 | Lair:2   | Killed a death yak
 15468 | Lair:2   | Killed a death yak
 15469 | Lair:2   | Reached skill level 11 in Summonings
 15469 | Lair:2   | Reached XP level 13. HP: 90/90 MP: 24/25
 15548 | Lair:2   | Reached **** piety under Hepliaklqana
 16142 | Lair:2   | Reached skill level 12 in Summonings
 16171 | Lair:2   | Found a staircase to the Shoals.
 17288 | Lair:3   | Reached skill level 13 in Summonings
 17743 | Lair:4   | Reached skill level 10 in Fighting
 17772 | Lair:4   | Reached skill level 14 in Summonings
 18166 | Lair:4   | Noticed a four-headed hydra
 18174 | Lair:4   | Killed a four-headed hydra
 18339 | Lair:4   | Reached ***** piety under Hepliaklqana
 18496 | Lair:4   | Identified the +1 ring mail of Salvation {rElec Int+4
                  | Dex+4}
 18803 | Lair:5   | Entered Level 5 of the Lair of Beasts
 18818 | Lair:5   | Noticed an eight-headed hydra
 18909 | Lair:5   | Killed an eight-headed hydra
 19155 | Lair:5   | Reached XP level 14. HP: 99/99 MP: 17/27
 19243 | Lair:5   | Learned a level 6 spell: Summon Cactus Giant
 19330 | Lair:5   | Reached skill level 15 in Summonings
 19603 | Lair:5   | Reached skill level 10 in Spellcasting
 19646 | Lair:5   | Noticed Snorg
 19656 | Lair:5   | Killed Snorg
 19857 | Lair:5   | Found a viscous altar of Jiyva.
 19857 | Lair:5   | Found a staircase to the Slime Pits.
 19966 | Lair:5   | Learned a level 7 spell: Summon Hydra
 20742 | Lair:5   | Reached skill level 16 in Summonings
 20880 | Lair:5   | Got the Volume of Captivating Battle Magic
 21708 | D:12     | Noticed Psyche
 21716 | D:12     | Killed Psyche
 22529 | D:13     | Reached skill level 5 in Dodging
 22737 | D:13     | Reached XP level 15. HP: 100/107 MP: 26/29
 22825 | D:13     | Found a gate to the Vaults.
 24197 | D:15     | Entered Level 15 of the Dungeon
 24797 | D:15     | Found an ornate altar of the Wu Jian Council.
 24881 | D:15     | Noticed Louise
 25105 | Orc:1    | Entered Level 1 of the Orcish Mines
 25464 | Orc:2    | Entered Level 2 of the Orcish Mines
 25475 | Orc:2    | Noticed an orc warlord
 25485 | Orc:2    | Killed an orc warlord
 25627 | Orc:2    | Found a staircase to the Elven Halls.
 25754 | Orc:2    | Learned a level 2 spell: Scorch
 25789 | Orc:2    | Reached skill level 5 in Invocations
 26037 | Orc:2    | Found a dark tunnel.
 26047 | Volcano  | Entered a volcano
 26271 | Volcano  | Noticed a stone giant
 26278 | Volcano  | Killed a stone giant
 26374 | Volcano  | Found a radiant altar of Vehumet.
 26433 | Volcano  | Found a bloodstained altar of Trog.
 26697 | Orc:2    | Found Ukuanitt's Book Emporium.
 26697 | Orc:2    | Found Dyrghea's Magic Scroll Shop.
 26965 | Orc:2    | Found Kasef's Antique Weapon Shop.
 27004 | Orc:2    | Reached skill level 17 in Summonings
 27082 | Orc:2    | Found Jeofihah's Jewellery Emporium.
 27415 | Orc:2    | Bought a book of Armaments for 612 gold pieces
 27420 | Orc:2    | Learned a level 4 spell: Animate Armour
 27429 | Orc:2    | Bought a scroll of magic mapping for 97 gold pieces
 27717 | Orc:1    | Reached ****** piety under Hepliaklqana
 28300 | Snake:1  | Entered Level 1 of the Snake Pit
 28381 | Snake:1  | Noticed Jorgrun
 28393 | Snake:1  | Killed Jorgrun
 28394 | Snake:1  | Reached skill level 1 in Fire Magic
 28394 | Snake:1  | Reached XP level 16. HP: 114/114 MP: 22/31
 28859 | Snake:1  | Noticed Kirke
 28868 | Snake:1  | Killed Kirke
 28869 | Snake:1  | Reached skill level 1 in Earth Magic
 29058 | Snake:1  | Found a bloodstained altar of Trog.
 29081 | Snake:1  | You fall into a shaft and drop 1 floor!
 29331 | Snake:2  | Found a frozen archway.
 29373 | IceCv    | Entered an ice cave
 29516 | IceCv    | Found a transporter.
 29539 | IceCv    | Found a transporter.
 29583 | IceCv    | Got the Catalogue of the Voyage and Calefaction
 29594 | IceCv    | Learned a level 5 spell: Summon Forest
 30918 | Snake:2  | Noticed Donald
 30932 | Snake:2  | Killed Donald
 31363 | Snake:3  | Reached XP level 17. HP: 83/119 MP: 7/32
 31369 | Snake:3  | Reached skill level 1 in Translocations
 32566 | Snake:3  | Noticed Nikola
 32578 | Snake:3  | Killed Nikola
 32579 | Snake:3  | Noticed Aizul
 32878 | Snake:3  | Noticed Vashnia
 33354 | Snake:3  | Killed Vashnia
 33358 | Snake:3  | Reached skill level 18 in Summonings
 33874 | Snake:3  | Noticed Mara
 33877 | Snake:3  | Noticed Lobster4's illusion
 33882 | Snake:3  | Killed Mara
 33981 | Snake:3  | Killed Aizul
 34227 | Snake:3  | Found a radiant altar of Vehumet.
 34552 | Snake:4  | Entered Level 4 of the Snake Pit
 34608 | Snake:4  | Killed from afar by a salamander tyrant

Illustrated notes

Levels and vault maps discovered:
D:1:      nzn_arrival_settlement, layout_loops_corners
D:2:      layout_basic
D:3:      layout_loops_ring, lemuel_doored_altar, zin_purify,
          basic_ecumenical_altar
D:4:      layout_basic, minmay_temple_entry_from_below_a, minmay_bisected,
          uniq_natasha
D:5:      layout_loops_ring
D:6:      layout_cave_pools, nicolae_qazlal_eye_of_the_storm,
          serial_bayou_pond_d, mrwooster_statue_mirror, minmay_checkerbox,
          uniq_blork_the_orc
D:7:      layout_loops_ring, old_standard_altar,
          mainiacjoe_overflow_tiny_flanked
D:8:      layout_cave_pools, nicolae_dithmenos_the_darkroom
D:9:      layout_loops_cross, lemuel_round_altar, dpeg_oklobed_lair,
          uniq_maurice
D:10:     layout_basic, kennysheep_little_box, dancing_weapons_uskayaw,
          mainiacjoe_overflow_catwalk, nicolae_gozag_seed_capital,
          kennysheep_generic_room_3, uniq_sonja, uniq_joseph
D:11:     layout_big_octagon, orc_0_dummy
D:12:     layout_loops_cross, minmay_lizard_king, uniq_psyche
D:13:     layout_rooms, david_vaults_4
D:14:     layout_roguey [special_room_orc], kennysheep_cross_bottleneck
D:15:     grunt_enter_depths_snipers, layout_loops_cross,
          nzn_wu_jian_contemplation, hangedman_abyss_or_decor_lesser_grid,
          uniq_louise
Temple:   jpeg_temple_clearing
Lair:1:   layout_gridlike, chequers_serial_rivers_micro_e, uniq_urug
Lair:2:   layout_small_grid, elwin_shoals_entry_rooms,
          guppyfry_snake_entry_island, serial_bayou_shore_a, grunt_megastairs_1
Lair:3:   layout_gridlike, lemuel_fruit_tree
Lair:4:   layout_small_grid, serial_bayou, serial_bayou_shore_b,
          serial_bayou_lagoon_b, serial_bayou_crossing, serial_bayou_pond_d,
          minmay_lair_drake_nest
Lair:5:   minmay_lair_end_enchanted_forest, layout_regular_city, slime_entry_1,
          infiniplex_staircase_pool, grunt_megastairs_4, serial_bayou_shore_b,
          uniq_snorg
Snake:1:  layout_layer_cave, basic_altar, statue_in_the_mist_lemuel,
          uniq_jorgrun, uniq_kirke
Snake:2:  layout_grid_maze, portal_ice_cave_entry_frozen_things, uniq_donald
Snake:3:  layout_basic, basic_altar, uniq_mara, uniq_vashnia, uniq_aizul,
          uniq_nikola
Snake:4:  snake_pit, layout_onion_interference, grunt_ministairs_8
Orc:1:    nicolae_orc_accident_1, layout_caves, basic_altar
Orc:2:    st_orc_town, layout_caves, nicolae_volcano_entry_batcave

Skill      XL: |  1  2  3  4  5  6  7  8  9 10 11 12 13 14 15 16 17 |
---------------+----------------------------------------------------+-----
Fighting       | 1 2 3 5 6 7 9 10 11 12 | 12.7
Armour         | 1 2 3 5 6 7 8 9 |  9.7
Short Blades   | 1 |  1.0
Polearms       | 1 2 3 4 5 6 7 8 9 |  9.8
Summonings     | 5 6 7 8 9 11 14 16 17 18 | 18.2
Throwing       | 1 |  1.0
Dodging        | 3 5 6 7 |  7.0
Spellcasting   | 3 4 5 6 7 8 9 10 11 | 11.9
Hexes          | 2 3 |  3.0
Evocations     | 1 3 |  3.0
Shields        | 2 4 5 6 7 |  7.0
Air Magic      | 2 4 |  4.0
Invocations    | 3 5 6 7 |  7.0
Fire Magic     | 1 3 |  3.0
Earth Magic    | 3 |  3.0
Translocations | 3 |  3.0
Stealth        | |  2.0

Action                   |  1- 3 |  4- 6 |  7- 9 | 10-12 | 13-15 | 16-18 || total
-------------------------+-------+-------+-------+-------+-------+-------++-------
Melee: Unarmed           |    10 |       |       |       |       |       ||    10
       Short sword       |    18 |       |       |       |       |       ||    18
       Club              |     4 |       |       |       |       |       ||     4
       Rapier            |    16 |       |       |       |       |       ||    16
       Spear             |     1 |    51 |   148 |   276 |   433 |    63 ||   972
       Punch             |       |     1 |       |       |       |       ||     1
 Fire: Sling             |       |       |       |       |     2 |       ||     2
Throw: Dart              |       |       |       |       |     1 |       ||     1
 Cast: Summon Small Mamm |    51 |    27 |    54 |    83 |   117 |     2 ||   334
       Call Imp          |    17 |    13 |    32 |    43 |    59 |     4 ||   168
       Call Canine Famil |       |       |    21 |    52 |    79 |    34 ||   186
       Summon Guardian G |       |       |     2 |    39 |    51 |    36 ||   128
       Summon Lightning  |       |       |       |    12 |    25 |     7 ||    44
       Summon Cactus Gia |       |       |       |       |    67 |    47 ||   114
       Scorch            |       |       |       |       |    11 |       ||    11
       Animate Armour    |       |       |       |       |     3 |    43 ||    46
       Summon Hydra      |       |       |       |       |     3 |    30 ||    33
       Summon Forest     |       |       |       |       |       |     3 ||     3
Invok: Ancestor Life: Kn |       |       |       |     1 |       |       ||     1
       Recall Ancestor   |       |       |       |     1 |    10 |     4 ||    15
       Idealise          |       |       |       |       |       |     2 ||     2
Evoke: Wand              |       |       |       |     2 |     6 |     1 ||     9
       Condenser vane    |       |       |       |       |     1 |       ||     1
  Use: Scroll            |       |     5 |     9 |    12 |     3 |     1 ||    30
       Potion            |       |       |     1 |     2 |     3 |     2 ||     8
 Stab: Sleeping          |     2 |     5 |     1 |     2 |     2 |       ||    12
       Distracted        |       |       |     2 |     5 |    13 |     2 ||    22
Armor: Robe              |    11 |     4 |       |       |     2 |       ||    17
       Leather armour    |       |    12 |    24 |     5 |       |    11 ||    52
       Steam dragon scal |       |       |       |    42 |     1 |       ||    43
       Ring mail         |       |       |       |       |    76 |    30 ||   106
Dodge: Dodged            |    30 |    21 |    59 |    97 |   130 |    55 ||   392
Block: Buckler           |       |       |       |    17 |   218 |   101 ||   336
       Reflection        |       |       |       |       |    11 |    13 ||    24

Table legend: (Time is in decaauts)
 A = Elapsed time spent in this place.
 B = Non-inter-level travel time spent in this place.
 C = Inter-level travel time spent in this place.
 D = Time resting spent in this place.
 E = Time spent auto-exploring this place.
 F = Levels seen in this place.
 G = Mean time per level.
                   A        B        C        D        E       F      G
               +--------+--------+--------+--------+--------+-----+--------+
         Total |  34540 |  32657 |   1883 |   5844 |  18890 |  29 | 1191.0 |
       Dungeon |  17436 |  16551 |    885 |   2920 |   9964 |  15 | 1162.4 |
        Temple |    150 |    118 |     32 |      0 |    105 |   1 |  150.0 |
          Lair |   7662 |   7154 |    508 |   1001 |   4509 |   5 | 1532.4 |
     Snake Pit |   6039 |   5736 |    303 |   1358 |   3166 |   4 | 1509.8 |
  Orcish Mines |   2589 |   2435 |    154 |    364 |   1137 |   2 | 1294.5 |
      Ice Cave |    257 |    257 |      0 |    122 |      0 |   1 |  257.0 |
       Volcano |    405 |    405 |      0 |     79 |      8 |   1 |  405.0 |
               +--------+--------+--------+--------+--------+-----+--------+

Top non-repeatable levels by time:
 Snake:2: 2777 daAuts
  Lair:5: 2275 daAuts
 Snake:3: 2010 daAuts
    D:12: 1853 daAuts
  Lair:2: 1726 daAuts
    D:14: 1683 daAuts
   Orc:2: 1671 daAuts
     D:7: 1624 daAuts
     D:5: 1611 daAuts
     D:1: 1508 daAuts
     D:4: 1377 daAuts
  Lair:4: 1305 daAuts
  Lair:1: 1302 daAuts
 Snake:1: 1198 daAuts
    D:10: 1127 daAuts
